 Dungeon Crawl Stone Soup version 0.20-a0-210-gd6c29eb (webtiles) character file.

32 mopl the Charmwright (level 3, 0/20 HPs)
             Began as a Deep Elf Skald on Nov 26, 2016.
             Slain by a frilled lizard (3 damage)
             ... on level 1 of the Dungeon.
             The game lasted 00:02:50 (522 turns).

mopl the Charmwright (Deep Elf Skald)                Turns: 522, Time: 00:02:51

Health: 0/20       AC:  3    Str:  9    XL:     3   Next: 8%
Magic:  6/9        EV: 11    Int: 16    God:
Gold:   56         SH:  0    Dex: 15    Spells: 2/8 levels left

rFire  . . .     SeeInvis .     a - +0 short sword
rCold  . . .     Gourm    .     b - +0 leather armour
rNeg   . . .     Faith    .     (no shield)
rPois  .         Spirit   .     (no helmet)
rElec  .         Reflect  .     (no cloak)
rCorr  .         Harm     .     (no gloves)
MR     .....                    (no boots)
Stlth  ++........               (no amulet)
                                (no ring)
                                (no ring)

@: infused
A: no striking features
a: no special abilities


You were on level 1 of the Dungeon.
You were not hungry.

You visited 1 branch of the dungeon, and saw 1 of its levels.

You collected 56 gold pieces.

Inventory:

Hand Weapons
 a - a +0 short sword (weapon)
Armour
 b - a +0 leather armour (worn)
Potions
 f - a potion of invisibility {unknown}
 i - a potion of berserk rage {unknown}
Books
 c - a book of Battle

   Spells                             Type                      Level
   a - Infusion                       Charms                       1
   b - Shroud of Golubria             Charms/Translocation         2
   c - Song of Slaying                Charms                       2
   d - Spectral Weapon                Hexes/Charms                 3
   e - Regeneration                   Charms/Necromancy            3
Comestibles
 d - a bread ration
 g - a beef jerky
 h - 2 chunks of flesh


   Skills:
 - Level 1.5 Fighting
 * Level 2.8 Short Blades
 - Level 0.7 Armour
 - Level 1.2 Dodging
 + Level 1.0 Stealth
 - Level 3.0 Spellcasting
 + Level 5.2 Charms


You had 2 spell levels left.
You knew the following spells:

 Your Spells              Type           Power        Failure   Level  Hunger
a - Infusion              Chrm           ###.         3%          1    #......
f - Shroud of Golubria    Chrm/Tloc      ##........   17%         2    ##.....
r - Regeneration          Chrm/Necr      ##........   30%         3    ###....


Dungeon Overview and Level Annotations

Branches:
Dungeon (1/15)

Altars:


Message History

You closely miss the frilled lizard.
The frilled lizard unfolds its giant frill.
The frilled lizard bites you.
* * * LOW HITPOINT WARNING * * *
Okay, then.
Throwing (i - inventory):
e - 2 tomahawks of dispersal (quivered)
Press: ? - help, Shift-Dir - straight line, f - frilled lizard
Aim: a frilled lizard You throw a tomahawk of dispersal.
The tomahawk of dispersal completely misses the frilled lizard.
The frilled lizard misses you.
Unknown command.
Throwing (i - inventory):
e - a tomahawk of dispersal (quivered)
Press: ? - help, Shift-Dir - straight line, f/p - frilled lizard
Aim: a frilled lizard You throw a tomahawk of dispersal.
The tomahawk of dispersal completely misses the frilled lizard.
The frilled lizard misses you.
You closely miss the frilled lizard. The frilled lizard bites you.
You die...

..# #.# #.# #.#
#.# ###.# ..#.#
###.#@# #..l#l#
#.#.####
#......#
#.#.##.# ##.#.#
#.#.##.#
.....#####
#.#.##.###
......
...####.#......#
....#
#....#......###


You could see a frilled lizard.

Vanquished Creatures
  A dart slug (D:1)
  A leopard gecko (D:1)
  A ball python (D:1)
  4 bats (D:1)
  A giant cockroach (D:1)
  3 goblins (D:1)
  7 hobgoblins (D:1)
  2 jackals (D:1)
  A kobold (D:1)
  2 rats (D:1)
23 creatures vanquished.

Notes
Turn   | Place    | Note
-------+----------+-------------------------------------------
     0 | D:1      | mopl the Deep Elf Skald began the quest for the Orb.
     0 | D:1      | Reached XP level 1. HP: 12/12 MP: 6/6
     6 | D:1      | Noticed a five-headed hydra
     6 | D:1      | Noticed a hound
     6 | D:1      | Noticed an iguana
     7 | D:1      | Noticed a killer bee
     7 | D:1      | Noticed a black bear
   111 | D:1      | Reached skill level 1 in Stealth
   115 | D:1      | Reached XP level 2. HP: 12/16 MP: 1/8
   119 | D:1      | Learned a level 2 spell: Shroud of Golubria
   442 | D:1      | Reached skill level 5 in Charms
   464 | D:1      | Reached XP level 3. HP: 16/20 MP: 2/9
   479 | D:1      | Learned a level 3 spell: Regeneration
   522 | D:1      | Slain by a frilled lizard

Vault maps used:
D:1:      onia_arrival_zoo_common

Skill      XL: |  1  2 |
---------------+-------+-----
Stealth        | 1 |  1.0
Charms         | 5 |  5.2
Fighting       | |  1.5
Short Blades   | |  2.8
Armour         | |  0.7
Dodging        | |  1.2
Spellcasting   | |  3.0

Action                   || total
-------------------------++-------
Melee: Short sword       ||    62
Throw: Tomahawk          ||     2
 Cast: Infusion          ||    10
 Stab: Sleeping          ||     1
Armor: Leather armour    ||    16
Dodge: Dodged            ||    40
